 Dungeon Crawl Stone Soup version 0.30-b1-2-g02819fbbbe (webtiles) character file.

Game seed: 14970203381304270938

12133 Aztecrex the Grappler (level 11, -5/104 HPs)
             Began as a Troll Gladiator on Jan 2, 2024.
             Was a High Priest of Dithmenos.
             Slain by a wolf (7 damage)
             ... on level 2 of the Lair of Beasts on Jan 3, 2024.
             The game lasted 00:38:03 (7379 turns).

Aztecrex the Grappler (Troll Gladiator)             Turns: 7379, Time: 00:38:03

Health: -5/104     AC:  5    Str: 26    XL:     11   Next: 58%
Magic:  10/10      EV: 18    Int:  4    God:    Dithmenos [*****.]
Gold:   741        SH:  0    Dex: 13    Spells: 10/10 levels left

rFire   . .          .
                       - Unarmed
rCold   . . .        (no shield)
rNeg    . . .        y - +1 robe of Vines {NoPotionHeal Regen++++}
rPois   .            b - +0 hat
rElec   .            (no cloak)
rCorr   .            (gloves unavailable)
SInv    .            (boots unavailable)
Will    .....        (no amulet)
Stlth   +++          x - +5 ring of evasion
HPRegen 4.37/turn    (no ring)
MPRegen 0.12/turn

%: no passive effects
@: wreathed by umbra
A: large, unfitting armour, claws 3, regeneration 1, shaggy fur 1, tough skin 1
a: Renounce Religion, Shadow Step, Shadow Form


You were on level 2 of the Lair of Beasts.
You worshipped Dithmenos.
Dithmenos was extremely pleased with you.
You visited 3 branches of the dungeon, and saw 11 of its levels.
You also visited: Ossuary.

You collected 741 gold pieces.

Inventory:

Hand Weapons
 G - a +0 spear
 M - a +4 dire flail
Missiles
 c - 3 throwing nets
 d - 5 large rocks
 f - 48 poisoned darts (quivered)
Armour
 a - a +0 robe
 b - a +0 hat (worn)
 y - the +1 robe of Vines (worn) {NoPotionHeal Regen++++}
   (You found it on level 3 of the Dungeon)

   NoPotionHeal: Its wearer cannot be healed by potions.
   Regen:     It increases your rate of health regeneration.
Jewellery
 x - a +5 ring of evasion (left claw)
 E - a ring of fire
 L - a ring of willpower
Wands
 C - a wand of roots (5)
 F - a wand of polymorph (8)
 H - a wand of quicksilver (3)
 I - a wand of flame (16)
 J - a wand of digging (7)
Scrolls
 e - 4 scrolls of amnesia {unknown}
 h - 10 scrolls of identify {unknown}
 i - 4 scrolls of fear {unknown}
 l - 2 scrolls of teleportation {unknown}
 m - 3 scrolls of enchant weapon {unknown}
 n - 3 scrolls of noise {unknown}
 r - 2 scrolls of silence {unknown}
 s - a scroll of immolation {unknown}
 w - a scroll of brand weapon {unknown}
 A - a scroll of vulnerability {unknown}
 D - 2 scrolls of fog {unknown}
 K - a scroll of blinking {unknown}
Potions
 g - 3 potions of heal wounds {unknown}
 j - 7 potions of curing {unknown}
 k - 2 potions of mutation {unknown}
 o - 4 potions of lignification {unknown}
 p - a potion of degeneration {unknown}
 q - a potion of flight {unknown}
 t - 5 potions of haste {unknown}
 u - a potion of attraction {unknown}
 v - a potion of cancellation {unknown}
 z - a potion of invisibility {unknown}
 B - a potion of might


   Skills:
 + Level 5.3 Fighting
 + Level 2.1 Throwing
 + Level 8.2 Dodging
 + Level 2.8 Stealth
 + Level 14.3 Unarmed Combat


You had 10 spell levels left.
You didn't know any spells.
Your spell library contained the following spells:

 Spells                   Type           Power      Damage    Failure   Level
 Apportation              Tloc           0%         N/A       50%         1
 Necrotise                Necr           0%         1d4       50%         1
 Summon Small Mammal      Summ           0%         N/A       50%         1
 Static Discharge         Conj/Air       0%         2-2/arc   65%         2
 Hailstorm                Conj/Ice       0%         3d3       86%         3
 Airstrike                Air            0%         2d(0-16)  99%         4
 Ice Form                 Ice/Tmut       0%         N/A       99%         4
 Summon Lightning Spire   Summ/Air       0%         N/A       99%         4
 Simulacrum               Ice/Necr       0%         N/A       100%        6
 Storm Form               Tmut/Air       0%         N/A       100%        7
 Maxwell's Capacitive Co  Air            0%         ∞         100%        8


Dungeon Overview and Level Annotations

Branches:
Dungeon (8/15)             Temple (1/1) D:5            Lair (2/5) D:8
Ossuary (visited)
  Swamp: Lair:2-3    Shoals: Lair:2-3     Snake: Lair:2-3    Spider: Lair:2-3

Altars:
Cheibriados
Dithmenos
Elyvilon
Fedhas
Gozag
Hepliaklqana
Kikubaaqudgha
Makhleb
Okawaru
Qazlal
Ru
Sif Muna
Trog
Vehumet
Wu Jian
Xom
Yredelemnul
Zin
The Shining One

Shops:
D:3 *


Innate Abilities, Weirdness & Mutations

You are too large for most types of armour.
You have claws for hands.
Your natural rate of healing is unusually fast.
You are covered in fur. (AC +1)
You have tough skin. (AC +1)


Message History

The wolf is heavily wounded.
The wolf barely misses you. The polar bear closely misses you.
The polar bear completely misses you. The polar bear closely misses you.
You closely miss the wolf. The wolf barely misses you.
The polar bear closely misses you. The polar bear misses you.
The polar bear claws you but does no damage.
The wolf misses you. The wolf closely misses you. The wolf bites you.
The wolf barely misses you. x3
The polar bear barely misses you. The polar bear misses you.
The polar bear completely misses you. The wolf closely misses you.
The wolf misses you. The wolf barely misses you. The wolf bites you.
The wolf completely misses you.
You barely miss the wolf. Your shadow misses the wolf.
The polar bear bites you!! The polar bear claws you.
The polar bear barely misses you. The wolf bites you! The wolf bites you.
* * * LOW HITPOINT WARNING * * *
The wolf bites you.
* * * LOW HITPOINT WARNING * * *
The wolf closely misses you. The wolf bites you but does no damage.
The wolf barely misses you. The polar bear closely misses you.
The polar bear misses you. The polar bear claws you.
* * * LOW HITPOINT WARNING * * *
You claw the wolf!
The wolf is moderately wounded.
The wolf closely misses you. The wolf bites you!
* * * LOW HITPOINT WARNING * * *
The wolf misses you. The wolf bites you.
* * * LOW HITPOINT WARNING * * *
The wolf misses you. x2; The polar bear misses you. x2
The polar bear completely misses you. The wolf closely misses you.
You miss the wolf.
The wolf is moderately wounded.
The wolf completely misses you. The wolf misses you.
The wolf barely misses you. The wolf bites you!
* * * LOW HITPOINT WARNING * * *
The wolf bites you but does no damage. The polar bear misses you.
The polar bear completely misses you. The polar bear claws you.
* * * LOW HITPOINT WARNING * * *
The wolf completely misses you. The wolf bites you!
You die...

#......#...##
...........P#
#..........##
#..........###
............P#
.....#....##
.....P....#
......hhh.#
#P.#Fh@..#
......hhh##
.........#
.........#
.........#
######P..#
#...# ##..#
#..#


You could see a polar bear (berserk), 6 wolves and a bullfrog.

Vanquished Creatures
  The ghost of noone the Trooper, a novice MiFi of Trog (D:6)
  A black mamba (Lair:1)
  9 elephants (Lair:1)
  5 cane toads (Lair:1)
  4 blink frogs (Lair:1)
  Sigmund (D:3)
  A human (D:7)
  A wyvern (Lair:1)
  4 yaks (Lair:1)
  A shadow (D:7)
  A basilisk (Lair:1)
  4 water moccasins (Lair:1)
  2 orc warriors
  2 black bears (D:5)
  A sky beast (D:8)
  An ice beast (D:5)
  An ogre (D:4)
  5 centaurs
  A phantom (D:5)
  10 kobold brigands
  2 elf zombies (Ossuary)
  6 bullfrogs
  12 wights (D:8)
  3 killer bees (D:8)
  A howler monkey (D:4)
  4 centaur zombies (Ossuary)
  A jelly (D:5)
  4 hounds (D:4)
  2 gnoll boudas
  4 orc priests
  A human zombie (Ossuary)
  Jessica (D:2)
  6 iguanas
  10 orc wizards
  2 hound zombies (Ossuary)
  3 mummies (Ossuary)
  6 adders
  10 gnolls
  4 white imps
  An ufetubus (D:5)
  2 adder zombies (Ossuary)
  A dart slug (D:1)
  33 orcs
  5 ball pythons
  6 endoplasms
  3 gnoll zombies (Ossuary)
  7 goblins
  7 hobgoblins
  5 jackals
  2 quokkas (D:4)
  6 bats
  A frilled lizard (D:4)
  2 goblin zombies (Ossuary)
  2 hobgoblin zombies (Ossuary)
  4 jackal zombies (Ossuary)
  9 kobolds
  6 kobold zombies (Ossuary)
  3 quokka zombies (Ossuary)
  4 rats
  6 rat zombies (Ossuary)
253 creatures vanquished.

Vanquished Creatures (others)
  A quokka (D:8)
  13 fungi
  5 plants
19 creatures vanquished.

Grand Total: 272 creatures vanquished

Notes
Turn   | Place    | Note
-------+----------+-------------------------------------------
     0 | D:1      | Aztecrex the Troll Gladiator began the quest for the Orb.
     0 | D:1      | Reached XP level 1. HP: 19/19 MP: 0/0
   135 | D:1      | Reached XP level 2. HP: 25/27 MP: 1/1
   412 | D:2      | Reached XP level 3. HP: 33/33 MP: 2/2
   443 | D:2      | Noticed Jessica
   457 | D:2      | Killed Jessica
   742 | D:2      | Reached XP level 4. HP: 42/42 MP: 3/3
   888 | D:2      | You fall into a shaft and drop 2 floors!
   961 | D:4      | Reached skill level 4 in Unarmed Combat
   981 | D:4      | Reached XP level 5. HP: 44/49 MP: 4/4
  1014 | D:4      | Found a hazy altar of Hepliaklqana.
  1016 | D:4      | Found a shimmering altar of Xom.
  1017 | D:4      | Noticed a spectral ugly thing
  1017 | D:4      | Noticed a brown ugly thing
  1070 | D:4      | Found a sand-covered staircase.
  1076 | Ossuary  | Entered an ossuary
  1150 | Ossuary  | Reached skill level 5 in Unarmed Combat
  1158 | Ossuary  | Reached XP level 6. HP: 57/57 MP: 5/5
  1331 | Ossuary  | Reached skill level 6 in Unarmed Combat
  1380 | Ossuary  | Reached XP level 7. HP: 64/65 MP: 6/6
  1450 | D:4      | Found a blossoming altar of Fedhas.
  1711 | D:3      | Found Zin's Purification Station.
  1716 | D:3      | Found a glowing silver altar of Zin.
  1773 | D:3      | Found an ancient bone altar of Kikubaaqudgha.
  1804 | D:3      | Found the +1 robe of Vines {NoPotionHeal Regen++++}
  1884 | D:3      | Found a faded altar of an unknown god.
  1893 | D:3      | Prayed at the altar of an unknown god.
  1893 | D:3      | Became a worshipper of Dithmenos the Shadowed
  1893 | D:3      | Reached * piety under Dithmenos
  2007 | D:3      | Found a glowing golden altar of the Shining One.
  2222 | D:3      | Noticed Sigmund
  2230 | D:3      | Killed Sigmund
  2231 | D:3      | Reached skill level 1 in Stealth
  2231 | D:3      | Reached skill level 7 in Unarmed Combat
  2436 | D:3      | Found an iron altar of Okawaru.
  2639 | D:4      | Reached XP level 8. HP: 74/74 MP: 7/7
  2650 | D:4      | Reached ** piety under Dithmenos
  2859 | D:4      | Found an opulent altar of Gozag.
  3031 | D:5      | Entered Level 5 of the Dungeon
  3044 | D:5      | Reached skill level 8 in Unarmed Combat
  3088 | D:5      | Found a staircase to the Ecumenical Temple.
  3106 | D:5      | Reached skill level 5 in Dodging
  3114 | Temple   | Entered the Ecumenical Temple
  3336 | D:5      | Reached skill level 9 in Unarmed Combat
  3699 | D:5      | Found a snail-covered altar of Cheibriados.
  4806 | D:6      | Found a runed translucent gate.
  4806 | D:6      | Found a runed translucent gate.
  4806 | D:6      | Found a runed translucent gate.
  4808 | D:6      | Noticed noone's ghost (novice MiFi)
  4819 | D:6      | Reached *** piety under Dithmenos
  4820 | D:6      | Reached XP level 9. HP: 69/81 MP: 8/8
  4833 | D:6      | Reached skill level 10 in Unarmed Combat
  4877 | D:6      | Killed noone's ghost
  5331 | D:7      | Reached skill level 11 in Unarmed Combat
  5399 | D:7      | Found a stormy altar of Qazlal.
  5568 | D:7      | Found a runed translucent door.
  5573 | D:7      | Found a basalt altar of Yredelemnul.
  5597 | D:7      | Reached XP level 10. HP: 92/92 MP: 9/9
  5664 | D:7      | Found a bloodstained altar of Trog.
  5664 | D:7      | Found an ornate altar of the Wu Jian Council.
  5824 | D:7      | Reached **** piety under Dithmenos
  6136 | D:8      | Found a white marble altar of Elyvilon.
  6319 | D:8      | Identified the +8 mace of Perversion {drain, rC+ Int+4}
  6350 | D:8      | Reached skill level 12 in Unarmed Combat
  6366 | D:8      | Found a staircase to the Lair.
  6376 | Lair:1   | Entered Level 1 of the Lair of Beasts
  6376 | Lair:1   | Noticed a black mamba
  6384 | Lair:1   | Noticed a cane toad
  6386 | Lair:1   | Killed a black mamba
  6398 | Lair:1   | Killed a cane toad
  6473 | Lair:1   | Noticed a cane toad
  6484 | Lair:1   | Killed a cane toad
  6494 | Lair:1   | Noticed an elephant
  6497 | Lair:1   | Noticed an elephant
  6497 | Lair:1   | Noticed an elephant
  6497 | Lair:1   | Noticed an elephant
  6498 | Lair:1   | Noticed a cane toad
  6498 | Lair:1   | Noticed an elephant
  6503 | Lair:1   | Killed an elephant
  6509 | Lair:1   | Killed an elephant
  6510 | Lair:1   | Reached skill level 13 in Unarmed Combat
  6518 | Lair:1   | Killed an elephant
  6521 | Lair:1   | Killed a cane toad
  6522 | Lair:1   | Reached XP level 11. HP: 59/101 MP: 10/10
  6679 | Lair:1   | Reached ***** piety under Dithmenos
  6687 | Lair:1   | Reached skill level 5 in Fighting
  6770 | Lair:1   | Reached skill level 14 in Unarmed Combat
  7379 | Lair:2   | HP: 2/104 [polar bear (6)]
  7379 | Lair:2   | Slain by a wolf

Illustrated notes

Levels and vault maps discovered:
D:1:      dpeg_arrival_morbid_curiosity, layout_rooms, serial_shops,
          nicolae_shop_rolled_up, minmay_quantized
D:2:      layout_basic, basic_altar, minmay_indecisive_spiral, uniq_jessica
D:3:      layout_basic, tso_altar, zin_purify, okawaru_altar_gauntlet_db,
          mainiacjoe_overflow_alcove_1, nicolae_ecumenical_snake_handling,
          ebering_dispersal_statue_hall, uniq_sigmund
D:4:      minmay_bubble_buster, layout_rooms, regret_index_temple_of_mockery,
          mainiacjoe_overflow_alcove_2, fedhas_altar_3,
          nicolae_ossuary_entry_plus, serial_corexii_hall,
          corexii_hall_statues_t, chequers_hall_statues_wall_a
D:5:      layout_layer_cave, cheibriados_altar_1,
          minmay_temple_entry_gardened_gates, water_maze_lemuel
D:6:      layout_basic, gammafunk_ghost_nasty_kobolds, amcnicky_mini_pool_small
D:7:      layout_basic, mainiacjoe_overflow_concentric_impassable,
          dk_yredelemnul_ordeal, gammafunk_temple_overflow_statue
D:8:      layout_gridville, nicolae_ashenzari_skybound, elyvilon_altar_4,
          grunt_lair_entry_orc_guard_hut, enter_bailey_6
Temple:   nicolae_temple_superstar
Lair:1:   layout_small_grid, chequers_serial_rivers_marsh,
          infiniplex_staircase_pool_2
Lair:2:   layout_regular_city, hellmonk_spider_entry_not_the_bees,
          serial_bayou_lagoon_a, lemuel_centaur_altar

Skill      XL: |  1  2  3  4  5  6  7  8  9 10 11 |
---------------+----------------------------------+-----
Throwing       | 2 |  2.1
Dodging        | 3 4 5 6 7 8 |  8.2
Unarmed Combat | 4 5 6 7 9 11 13 14 | 14.3
Fighting       | 2 3 4 5 |  5.3
Stealth        | 1 2 |  2.8

Action                     |  1- 3 |  4- 6 |  7- 9 | 10-12 || total
---------------------------+-------+-------+-------+-------++-------
  Melee: Unarmed           |    56 |   143 |   358 |   248 ||   805
         Punch             |     1 |     4 |    22 |    17 ||    44
   Stab: Sleeping          |     2 |       |     1 |     2 ||     5
         Distracted        |       |       |     1 |       ||     1
 Armour: Robe              |    29 |    50 |    81 |    49 ||   209
  Dodge: Dodged            |    46 |    86 |   374 |   355 ||   861
